 Dungeon Crawl Stone Soup version 0.25-a0-61-g63109bb16d (webtiles) character file.

Game seed: 5261812694516284024, levelgen mode: deterministic

71 Roikka the Magician (level 4, 0/24 HPs)
             Began as a Deep Elf Wizard on Oct 29, 2019.
             Hit by a goblin thrown by Robin (3 damage)
             ... on level 2 of the Dungeon.
             The game lasted 00:06:43 (1805 turns).

Roikka the Magician (Deep Elf Wizard)               Turns: 1805, Time: 00:06:44

Health: 0/24       AC:  2    Str:  5    XL:     4   Next: 5%
Magic:  2/13       EV: 13    Int: 23    God:
Gold:   77         SH:  0    Dex: 13    Spells: 2/13 levels left

rFire    . . .     SeeInvis .   c - +0 dagger
rCold    . . .     Gourm    .   (no shield)
rNeg     . . .     Faith    .   a - +0 robe
rPois    .         Spirit   .   b - +0 hat
rElec    .         Reflect  .   (no cloak)
rCorr    .         Harm     .   (no gloves)
MR       .....                  (no boots)
Stlth    ++........             (no amulet)
HPRegen  0.08/turn              (no ring)
MPRegen  0.13/turn              (no ring)

@: no status effects
A: no striking features
a: no special abilities


You were on level 2 of the Dungeon.
You were hungry.

You visited 1 branch of the dungeon, and saw 2 of its levels.

You collected 77 gold pieces.

Inventory:

Hand Weapons
 c - a +0 dagger (weapon)
Missiles
 h - 14 poisoned darts (quivered)
Armour
 a - a +0 robe (worn)
 b - a +0 hat (worn)
Scrolls
 e - 5 scrolls of identify {unknown}
 i - a scroll of random uselessness {unknown}
 j - a scroll of fog {unknown}
 k - a scroll of enchant armour {unknown}
Potions
 g - a potion of haste {unknown}
 l - 2 potions of invisibility {unknown}
 m - 2 potions of magic {unknown}
 n - a potion of flight {unknown}
 o - a potion of heal wounds {unknown}
Comestibles
 d - a ration
 f - 3 chunks of flesh


   Skills:
 - Level 2.4 Dodging
 - Level 2.4 Stealth
 + Level 5.2 Spellcasting
 * Level 3.2 Conjurations
 + Level 1.8 Summonings
 - Level 1.1 Translocations


You had 2 spell levels left.
You knew the following spells:

 Your Spells              Type           Power        Failure   Level  Hunger
a - Magic Dart            Conj           ###.         2%          1    None
b - Call Imp              Summ           ##......     6%          2    None
c - Blink                 Tloc           N/A          9%          2    None
d - Mephitic Cloud        Conj/Pois/Air  ##......     19%         3    ##.....
e - Conjure Flame         Conj/Fire      ##......     14%         3    ##.....

Your spell library contained the following spells:

 Spells                   Type           Power        Failure   Level  Hunger
 Slow                     Hex            #.......     14%         2    None


Dungeon Overview and Level Annotations

Branches:
Dungeon (2/15)

Altars:

Annotations:
D:2 Robin


Message History

You are feeling hungry.
The goblin barely misses you. Robin throws the goblin at you!
The goblin hits you but does no damage.
Some of the chunks of flesh in your inventory have rotted away.
The goblin misses you.
Robin roars a battlecry!
The hobgoblin goes into a battle-frenzy!
Robin throws the goblin at you!
* * * LOW HITPOINT WARNING * * *
The goblin hits you with a +0 dagger.
* * * LOW HITPOINT WARNING * * *
You barely miss the goblin. The goblin barely misses you.
The goblin closely misses you.
Casting: Blink (safe; 9% risk of failure)
Confirm with . or Enter, or press ? or * to list all spells.
You blink.
Robin throws the goblin at you! The goblin hits you with a +0 dagger.
* * * LOW HITPOINT WARNING * * *
Robin throws the goblin at you!
You die...

###'###############...รท...
#...............#.........
#.......#######.#.#..#'###
#.......'.....# #.#..#.#
#(......#####.# #.####.#
+.....g<)...#.# #.# #.#
#.....g.###.#.# #.# #.#
######g####.#.# #.# #.#
#..g@g.#.# #.# #.#
#.######.# #.####.#
#........# #......#
########## ##...### #...#
#...# #...# #...# #...#


You could see Robin and 2 goblins.

Vanquished Creatures
  2 adders (D:2)
  2 dart slugs (D:1)
  A leopard gecko (D:1)
  6 bats
  A giant cockroach (D:1)
  9 goblins
  6 hobgoblins
  2 jackals (D:1)
  A ball python (D:1)
  6 frilled lizards (D:1)
  5 kobolds (D:1)
  4 rats
45 creatures vanquished.

Notes
Turn   | Place    | Note
-------+----------+-------------------------------------------
     0 | D:1      | Roikka the Deep Elf Wizard began the quest for the Orb.
     0 | D:1      | Reached XP level 1. HP: 10/10 MP: 7/7
   208 | D:1      | Reached XP level 2. HP: 15/15 MP: 6/9
   281 | D:1      | Learned a level 2 spell: Call Imp
   506 | D:1      | Reached skill level 5 in Spellcasting
   646 | D:1      | Reached XP level 3. HP: 19/19 MP: 9/11
   710 | D:1      | Learned a level 2 spell: Blink
   714 | D:1      | Learned a level 3 spell: Mephitic Cloud
   718 | D:1      | Learned a level 3 spell: Conjure Flame
  1575 | D:2      | Noticed Robin
  1602 | D:2      | Reached XP level 4. HP: 24/24 MP: 11/13
  1805 | D:2      | Hit by a goblin thrown by Robin

Levels and vault maps discovered:
D:1:      evilmike_arrival_crescent, layout_basic, minmay_misc_feat_cross,
          roderic_lattice_a, minmay_tripent
D:2:      layout_basic, uniq_robin

Skill      XL: |  1  2  3 |
---------------+----------+-----
Conjurations   | 2 3 |  3.2
Spellcasting   | 5 |  5.2
Dodging        | |  2.4
Stealth        | |  2.4
Summonings     | |  1.8
Translocations | |  1.1

Action                   |  1- 3 |  4- 6 || total
-------------------------+-------+-------++-------
Melee: Dagger            |     5 |     1 ||     6
 Cast: Magic Dart        |    76 |    19 ||    95
       Blink             |       |     2 ||     2
 Stab: Sleeping          |     1 |       ||     1
  Eat: Chunk             |     2 |       ||     2
Armor: Robe              |     2 |     2 ||     4
Dodge: Dodged            |     5 |    12 ||    17

Table legend:
 A = Non-vault XP
 B = Vault XP
 C = Vault XP percentage of total XP
 D = Non-vault monster count
 E = Vault monster count
 F = Vault count percentage of total count
                 A         B        C        D         E       F
            +---------+---------+-------+---------+---------+-------
      Total |      93 |       9 |   8.8 |      40 |       5 |  11.1
            +---------+---------+-------+---------+---------+-------
        D:1 |      59 |       5 |   7.8 |      33 |       3 |   8.3
        D:2 |      34 |       4 |  10.5 |       7 |       2 |  22.2
            +---------+---------+-------+---------+---------+-------
